Kings vs Sharks

Created - Wednesday, January 27, 2016 at 01:14

Goals
1 2 3 T
Kings 0 0 1 1
Sharks 0 0 3 3
Shots
1 2 3 T
Kings 6 10 13 29
Sharks 2 6 17 25

1st period

No Goal

Penalties :
Jay Harrison (SJ ) for Hooking (Minor) at 15:20, Bobby Farnham (SJ ) for Holding (Minor) at 18:21

2nd period

No Goal

Penalties :
Bobby Farnham (SJ ) for Slashing (Minor) at 4:32, Milan Lucic (LA ) for Hooking (Minor) at 5:16, Brendan Smith (SJ ) for Hooking (Minor) at 6:52, David Clarkson (LA ) for Tripping (Minor) at 11:20, Jay Harrison (SJ ) for Hooking (Minor) at 18:57

3rd period

1. Sharks , Justin Schultz 3 (Travis Zajac, Lance Bouma) at 1:21
2. Kings , Duncan Keith 17 (Eric Brewer, Carl Soderberg) at 2:06 (PP)
3. Sharks , Justin Schultz 4 (Lance Bouma) at 4:36 (PP)
4. Sharks , Nicolas Deslauriers 2 (Brendan Smith, Jayson Megna) at 16:08

Penalties :
Brendan Smith (SJ ) for Hooking (Minor) at 1:58, Duncan Keith (LA ) for Holding Stick (Minor) at 3:15, Adam McQuaid (LA ) for Holding (Minor) at 6:36, Bobby Farnham (SJ ) for Hooking (Minor) at 13:31, Olli Jokinen (SJ ) for Hooking (Minor) at 18:55

Goalie Stats

Sergei Bobrovsky (LA ), 22 saves from 25 shots - (0.880), L, 23-15-2, 60:00 minutes
Roberto Luongo (SJ ), 28 saves from 29 shots - (0.966), W, 22-12-2, 60:00 minutes

Players Stats for Kings

Player Name              G  A  P  +/- PIM S  H  SB GA TA FO     MP     PP MP  PK MP  
------------------------------------------------------------------------------------
Adam McQuaid             0  0  0   0  2   1  3  1  0  2  0/0    20:00   3:55   3:41 
Brandon McMillan         0  0  0   0  0   0  1  0  0  0  3/5     7:36   0:00   0:00 
Brenden Morrow           0  0  0  -1  0   0  3  1  0  0  0/1    16:53   5:17   0:53 
Cam Fowler               0  0  0   0  0   1  2  0  1  2  0/0    25:04   4:21   2:57 
Carl Soderberg           0  1  1   0  0   0  2  1  3  0  0/0    16:09   6:07   0:37 
David Clarkson           0  0  0  -1  2   0  2  0  0  1  0/0    13:06   0:00   0:00 
Duncan Keith             1  0  1  -2  2   3  1  2  0  3  0/0    29:47   7:07   4:19 
Eric Brewer              0  1  1  -1  0   1  3  0  0  1  0/0    20:42   7:33   0:23 
Evgeny Kuznetsov         0  0  0  -1  0   6  1  0  3  0  0/1    14:10   0:00   1:03 
Joey Leach               0  0  0   0  0   0  0  1  0  0  0/0    13:14   0:00   0:00 
Jori Lehtera             0  0  0  -1  0   3  0  0  2  0  2/4    12:58   0:00   0:00 
Martin Erat              0  0  0   0  0   3  1  0  3  0  0/0     7:36   0:00   0:00 
Mika Zibanejad           0  0  0   0  0   2  4  0  2  0  0/1    21:36   6:11   4:00 
Milan Lucic              0  0  0  -1  2   0  4  0  2  0  0/0    16:40   5:20   0:37 
Nick Bjugstad            0  0  0   0  0   2  0  0  1  0  0/0     7:36   0:00   0:00 
Stefan Elliott           0  0  0  -1  0   3  0  1  0  0  0/0    11:31   0:00   0:00 
Tyler Seguin             0  0  0   0  0   1  4  0  2  1  16/27  21:55   6:11   4:10 
Vincent Trocheck         0  0  0  -1  0   3  0  0  4  0  8/11   16:00   5:17   0:00 

Players Stats for Sharks

Player Name              G  A  P  +/- PIM S  H  SB GA TA FO     MP     PP MP  PK MP  
------------------------------------------------------------------------------------
Andy Andreoff            0  0  0   0  0   1  0  0  0  0  3/5     8:34   0:00   0:00 
Bobby Farnham            0  0  0   1  6   0  0  0  0  0  0/0    11:19   0:00   0:00 
Brendan Smith            0  1  1   1  4   2  0  1  1  1  0/0    17:31   3:59   0:00 
Christian Folin          0  0  0   0  0   0  0  0  0  1  0/0    13:37   0:00   2:18 
Ian Cole                 0  0  0   0  0   1  0  2  0  3  0/0    18:04   0:00   6:27 
Jay Harrison             0  0  0   1  4   0  0  2  0  3  0/0    19:39   1:40   2:43 
Jayson Megna             0  1  1   1  0   1  1  0  1  0  5/12   14:26   0:00   2:14 
Justin Schultz           2  0  2   1  0   6  1  1  1  2  0/0    23:06   1:40   4:05 
Lance Bouma              0  2  2   1  0   3  0  0  2  1  0/0    17:09   2:55   2:03 
Luca Sbisa               0  0  0   0  0   0  0  0  0  0  0/0     0:00   0:00   0:00 
Marek Hrivik             0  0  0   1  0   0  1  0  0  0  1/6    14:20   1:45   0:00 
Nicklas Grossmann        0  0  0   1  0   1  0  2  0  3  0/0    28:08   4:00   7:23 
Nicolas Deslauriers      1  0  1   1  0   1  1  2  0  0  1/2    18:13   2:55   0:20 
Olli Jokinen             0  0  0   0  2   1  0  0  0  0  2/2    21:43   2:45   7:27 
Richard Panik            0  0  0   0  0   1  1  0  2  0  0/0     9:34   1:10   0:00 
Ryan Hamilton            0  0  0   0  0   1  1  0  1  0  0/0     8:03   0:00   0:00 
Tomas Fleischmann        0  0  0   0  0   1  2  0  4  0  4/15   23:09   2:45   8:49 
Travis Zajac             0  1  1   1  0   5  1  0  1  0  5/8    20:06   2:45   2:03 

3 Stars

1 - Justin Schultz (SJ )
2 - Roberto Luongo (SJ )
3 - Nicolas Deslauriers (SJ )

Power Play

Kings - 1 on 8 Attempt(s) - 12.50%
Sharks - 1 on 4 Attempt(s) - 25.00%

Penalty Kill

Kings - 3 on 4 Attempt(s) - 75.00% - Score 0 goal in Penalty Kill
Sharks - 7 on 8 Attempt(s) - 87.50% - Score 0 goal in Penalty Kill

Team Stat

Kings - Hits : 31 - Faceoff Wins : 29 - Blocked Shots : 7 - Penalty Minutes : 8
Sharks - Hits : 9 - Faceoff Wins : 21 - Blocked Shots : 10 - Penalty Minutes : 16

Official

Referees : Unknown
Linesman : Unknown

Game Notes

Richard Panik is injured at 16:38 of 2nd period (Sprained Left Knee)

Finance

Level 1 -- Attendance: 4418 (73.63%) -- Ticket Income $393,202
Level 2 -- Attendance: 3092 (61.84%) -- Ticket Income $213,348
Level 3 -- Attendance: 1520 (76.00%) -- Ticket Income $53,200
Level 4 -- Attendance: 2199 (54.98%) -- Ticket Income $54,975
Luxury Box -- Attendance: 765 (76.50%) -- Ticket Income $152,235
Game was played at the HP Pavilion.
Total Attendance: 11994 (66.63%)
Total Ticket Income: $866,960
Other Income: $424,810
Total Income: $1,291,770

Kings

5 vs 5 Forward 
   Center                   Left Wing                Right Wing               Time % Phy DF OF 
 1 Tyler Seguin             Mika Zibanejad           Carl Soderberg           35     1   2  2  
 2 Vincent Trocheck         Milan Lucic              Brenden Morrow           30     1   2  2  
 3 Jori Lehtera             Evgeny Kuznetsov         David Clarkson           22     1   2  2  
 4 Brandon McMillan         Nick Bjugstad            Martin Erat              13     1   2  2  

5 vs 5 Defense 
   Defense                  Defense                                           Time % Phy DF OF 
 1 Duncan Keith             Stefan Elliott                                    35     1   2  2  
 2 Cam Fowler               Joey Leach                                        30     1   2  2  
 3 Eric Brewer              Adam McQuaid                                      22     1   2  2  
 4 Duncan Keith             Cam Fowler                                        13     1   2  2  

PowerPlay Forward 
   Center                   Left Wing                Right Wing               Time % Phy DF OF 
 1 Tyler Seguin             Mika Zibanejad           Carl Soderberg           60     1   2  2  
 2 Vincent Trocheck         Milan Lucic              Brenden Morrow           40     1   2  2  

PowerPlay Defense
   Defense                  Defense                                           Time % Phy DF OF 
 1 Duncan Keith             Eric Brewer                                       60     1   2  2  
 2 Cam Fowler               Adam McQuaid                                      40     1   2  2  

Penalty Kill 4 Players Forward 
   Center                   Wing                     Time % Phy DF OF 
 1 Tyler Seguin             Mika Zibanejad           60     1   2  2  
 2 Milan Lucic              Carl Soderberg           40     1   2  2  

Penalty Kill 4 Players Defense
   Defense                  Defense                  Time % Phy DF OF 
 1 Duncan Keith             Adam McQuaid             60     1   2  2  
 2 Cam Fowler               Stefan Elliott           40     1   2  2  

Penalty Kill - 3 Players Forward 
   Forward                                           Time % Phy DF OF 
 1 Tyler Seguin                                      60     1   2  2  
 2 Mika Zibanejad                                    40     1   2  2  

Penalty Kill - 3 Players Defense
   Defense                  Defense                  Time % Phy DF OF 
 1 Duncan Keith             Eric Brewer              60     1   2  2  
 2 Cam Fowler               Adam McQuaid             40     1   2  2  

4 vs 4 Forward 
   Center                   Wing                     Time % Phy DF OF 
 1 Tyler Seguin             Mika Zibanejad           60     1   2  2  
 2 Milan Lucic              Carl Soderberg           40     1   2  2  

4 vs 4 Defense
   Defense                  Defense                  Time % Phy DF OF 
 1 Duncan Keith             Stefan Elliott           60     1   2  2  
 2 Cam Fowler               Eric Brewer              40     1   2  2  

Last Minutes Offensive
   Center                   Left Wing                Right Wing               Defense                  Defense                  
   Tyler Seguin             Mika Zibanejad           Carl Soderberg           Duncan Keith             Stefan Elliott           

Last Minutes Defensive
   Center                   Left Wing                Right Wing               Defense                  Defense                  
   Tyler Seguin             Mika Zibanejad           Carl Soderberg           Duncan Keith             Stefan Elliott           

Goaltenders
Starting : Sergei Bobrovsky         
Backup : Reto Berra               

Extra Forwards
Normal : Jori Lehtera, David Clarkson, Evgeny Kuznetsov - PP : Jori Lehtera, David Clarkson - PK : Evgeny Kuznetsov
Extra Defensemen
Normal : Eric Brewer, Adam McQuaid, Cam Fowler - PP : Eric Brewer - PK : Adam McQuaid, Cam Fowler
Penalty Shots
Tyler Seguin, Mika Zibanejad, Milan Lucic, Carl Soderberg, Vincent Trocheck

Sharks

5 vs 5 Forward 
   Center                   Left Wing                Right Wing               Time % Phy DF OF 
 1 Travis Zajac             Olli Jokinen             Tomas Fleischmann        35     1   2  2  
 2 Marek Hrivik             Lance Bouma              Richard Panik            30     1   2  2  
 3 Jayson Megna             Nicolas Deslauriers      Bobby Farnham            22     1   2  2  
 4 Andy Andreoff            Ryan Hamilton            Travis Zajac             13     1   2  2  

5 vs 5 Defense 
   Defense                  Defense                                           Time % Phy DF OF 
 1 Brendan Smith            Nicklas Grossmann                                 35     1   2  2  
 2 Justin Schultz           Jay Harrison                                      30     1   2  2  
 3 Ian Cole                 Christian Folin                                   22     1   2  2  
 4 Justin Schultz           Nicklas Grossmann                                 13     1   2  2  

PowerPlay Forward 
   Center                   Left Wing                Right Wing               Time % Phy DF OF 
 1 Travis Zajac             Olli Jokinen             Tomas Fleischmann        60     1   2  2  
 2 Nicolas Deslauriers      Lance Bouma              Richard Panik            40     1   2  2  

PowerPlay Defense
   Defense                  Defense                                           Time % Phy DF OF 
 1 Brendan Smith            Nicklas Grossmann                                 60     1   2  2  
 2 Justin Schultz           Jay Harrison                                      40     1   2  2  

Penalty Kill 4 Players Forward 
   Center                   Wing                     Time % Phy DF OF 
 1 Tomas Fleischmann        Olli Jokinen             60     1   2  2  
 2 Travis Zajac             Lance Bouma              40     1   2  2  

Penalty Kill 4 Players Defense
   Defense                  Defense                  Time % Phy DF OF 
 1 Ian Cole                 Nicklas Grossmann        60     1   2  2  
 2 Justin Schultz           Jay Harrison             40     1   2  2  

Penalty Kill - 3 Players Forward 
   Forward                                           Time % Phy DF OF 
 1 Lance Bouma                                       60     1   2  2  
 2 Olli Jokinen                                      40     1   2  2  

Penalty Kill - 3 Players Defense
   Defense                  Defense                  Time % Phy DF OF 
 1 Brendan Smith            Nicklas Grossmann        60     1   2  2  
 2 Justin Schultz           Jay Harrison             40     1   2  2  

4 vs 4 Forward 
   Center                   Wing                     Time % Phy DF OF 
 1 Tomas Fleischmann        Olli Jokinen             60     1   2  2  
 2 Jayson Megna             Lance Bouma              40     1   2  2  

4 vs 4 Defense
   Defense                  Defense                  Time % Phy DF OF 
 1 Christian Folin          Nicklas Grossmann        60     1   2  2  
 2 Justin Schultz           Jay Harrison             40     1   2  2  

Last Minutes Offensive
   Center                   Left Wing                Right Wing               Defense                  Defense                  
   Travis Zajac             Olli Jokinen             Tomas Fleischmann        Brendan Smith            Nicklas Grossmann        

Last Minutes Defensive
   Center                   Left Wing                Right Wing               Defense                  Defense                  
   Travis Zajac             Olli Jokinen             Tomas Fleischmann        Brendan Smith            Nicklas Grossmann        

Goaltenders
Starting : Roberto Luongo           
Backup : Calvin Pickard           

Extra Forwards
Normal : Marek Hrivik, Nicolas Deslauriers, Jayson Megna - PP : Marek Hrivik, Nicolas Deslauriers - PK : Jayson Megna
Extra Defensemen
Normal : Ian Cole, Christian Folin, Justin Schultz - PP : Ian Cole - PK : Christian Folin, Justin Schultz
Penalty Shots
Marek Hrivik, Olli Jokinen, Travis Zajac, Lance Bouma, Tomas Fleischmann

% Time on Ice - Kings

Lines # - Real PCT - Wanted PCT - Time Play
Normal Forward
1 - 24% - 35% - 9:57
2 - 26% - 30% - 10:43
3 - 31% - 22% - 12:58
4 - 18% - 13% - 7:36
Normal Defense
1 - 36% - 35% - 15:02
2 - 35% - 30% - 14:29
3 - 22% - 22% - 9:13
4 - 6% - 13% - 2:30
PP Forward
1 - 54% - 60% - 6:11
2 - 46% - 40% - 5:17
PP Defense
1 - 62% - 60% - 7:07
2 - 38% - 40% - 4:21
PK Forward
1 - 89% - 60% - 5:03
2 - 11% - 40% - 0:37
PK Defense
1 - 100% - 60% - 5:40
2 - 0% - 40% - 0:00
PK3 Forward
1 - 0% - 60%
2 - 0% - 40%
PK3 Defense
1 - 0% - 60%
2 - 0% - 40%
44 Forward
1 - 100% - 60% - 1:38
2 - 0% - 40% - 0:00
44 Defense
1 - 51% - 60% - 0:50
2 - 49% - 40% - 0:48
Last Minute Offensive  - 0:00
Last Minute Defensive  - 0:00
Total
Forward - 60:00
Defense - 60:00

% Time on Ice - Sharks

Lines # - Real PCT - Wanted PCT - Time Play
Normal Forward
1 - 25% - 35% - 10:16
2 - 30% - 30% - 12:12
3 - 26% - 22% - 10:43
4 - 20% - 13% - 8:03
Normal Defense
1 - 35% - 35% - 14:18
2 - 34% - 30% - 14:02
3 - 26% - 22% - 10:50
4 - 5% - 13% - 2:04
PP Forward
1 - 49% - 60% - 2:45
2 - 51% - 40% - 2:55
PP Defense
1 - 71% - 60% - 4:00
2 - 29% - 40% - 1:40
PK Forward
1 - 82% - 60% - 9:25
2 - 18% - 40% - 2:03
PK Defense
1 - 64% - 60% - 7:23
2 - 36% - 40% - 4:05
PK3 Forward
1 - 0% - 60%
2 - 0% - 40%
PK3 Defense
1 - 0% - 60%
2 - 0% - 40%
44 Forward
1 - 100% - 60% - 1:38
2 - 0% - 40% - 0:00
44 Defense
1 - 23% - 60% - 0:23
2 - 77% - 40% - 1:15
Last Minute Offensive  - 0:00
Last Minute Defensive  - 0:00
Total
Forward - 60:00
Defense - 60:00

Play by Play

1st period


0:01 of 1st period - Travis Zajac wins face-off versus Tyler Seguin in neutral zone.
0:24 of 1st period - Wrist shot by Tomas Fleischmann.
0:24 of 1st period - Deflect By Travis Zajac.
0:24 of 1st period - Stopped by Sergei Bobrovsky with a rebound.
0:26 of 1st period - Snap shot by Travis Zajac.
0:26 of 1st period - Shot Misses the Net.
1:01 of 1st period - Snap shot by Vincent Trocheck.
1:01 of 1st period - Shot Misses the Net.
2:47 of 1st period - Nicolas Deslauriers is hit by Cam Fowler and loses puck.
3:40 of 1st period - Snap shot by Milan Lucic.
3:40 of 1st period - Shot Misses the Net.
4:22 of 1st period - Snap shot by Evgeny Kuznetsov.
4:22 of 1st period - Stopped by Roberto Luongo without a rebound.
4:23 of 1st period - Marek Hrivik wins face-off versus Tyler Seguin in Sharks zone.
4:56 of 1st period - Snap shot by Martin Erat.
4:56 of 1st period - Shot Misses the Net.
5:00 of 1st period - Snap shot by Martin Erat.
5:00 of 1st period - Shot Misses the Net.
5:02 of 1st period - Slapshot by Cam Fowler.
5:02 of 1st period - Deflect By Martin Erat.
5:02 of 1st period - Stopped by Roberto Luongo without a rebound.
5:03 of 1st period - Brandon McMillan wins face-off versus Andy Andreoff in Sharks zone.
5:15 of 1st period - Snap shot by Brandon McMillan.
5:15 of 1st period - Shot Misses the Net.
5:51 of 1st period - Slapshot by Justin Schultz.
5:51 of 1st period - Stopped by Sergei Bobrovsky with a rebound.
6:35 of 1st period - Justin Schultz is hit by Adam McQuaid and loses puck.
7:28 of 1st period - Christian Folin is hit by Mika Zibanejad and loses puck.
7:57 of 1st period - Martin Erat is hit by Ryan Hamilton and loses puck.
8:39 of 1st period - Eric Brewer is hit by Richard Panik.
9:15 of 1st period - Wrist shot by Jori Lehtera.
9:15 of 1st period - Stopped by Roberto Luongo with a rebound.
9:17 of 1st period - Wrist shot by Jori Lehtera.
9:17 of 1st period - Shot Misses the Net.
9:19 of 1st period - Slapshot by Duncan Keith.
9:19 of 1st period - Stopped by Roberto Luongo with a rebound.
9:33 of 1st period - Wrist shot by Jori Lehtera.
9:33 of 1st period - Stopped by Roberto Luongo with a rebound.
9:46 of 1st period - Nicolas Deslauriers is hit by Carl Soderberg and loses puck.
10:23 of 1st period - Ryan Hamilton is hit by Martin Erat and loses puck.
10:56 of 1st period - Travis Zajac is hit by Adam McQuaid and loses puck.
11:05 of 1st period - Slapshot by Ian Cole.
11:05 of 1st period - Deflect By Travis Zajac.
11:05 of 1st period - Shot Misses the Net.
11:05 of 1st period - Puck is out of play.
11:06 of 1st period - Travis Zajac wins face-off versus Jori Lehtera in Kings zone.
11:31 of 1st period - Slapshot by Justin Schultz.
11:31 of 1st period - Deflect By Lance Bouma.
11:31 of 1st period - Shot Misses the Net.
11:31 of 1st period - Puck is out of play.
11:32 of 1st period - Tyler Seguin wins face-off versus Marek Hrivik in Kings zone.
13:00 of 1st period - Justin Schultz is hit by Milan Lucic.
13:22 of 1st period - Snap shot by Evgeny Kuznetsov.
13:22 of 1st period - Stopped by Roberto Luongo without a rebound.
13:23 of 1st period - Jori Lehtera wins face-off versus Travis Zajac in Sharks zone.
14:51 of 1st period - Snap shot by Carl Soderberg.
14:51 of 1st period - Shot Misses the Net.
15:20 of 1st period - Minor Penalty to Jay Harrison for Hooking.
15:21 of 1st period - Tomas Fleischmann wins face-off versus Vincent Trocheck in Sharks zone.
15:52 of 1st period - Snap shot by Milan Lucic.
15:52 of 1st period - Deflect By Vincent Trocheck.
15:52 of 1st period - Shot Misses the Net.
15:52 of 1st period - Puck is out of play.
15:53 of 1st period - Tyler Seguin wins face-off versus Tomas Fleischmann in Sharks zone.
17:20 of 1st period - Penalty to Jay Harrison is over, Jay Harrison is back on ice.
17:39 of 1st period - Travis Zajac is hit by David Clarkson and loses puck.
18:21 of 1st period - Minor Penalty to Bobby Farnham for Holding.
18:22 of 1st period - Vincent Trocheck wins face-off versus Tomas Fleischmann in Sharks zone.
18:58 of 1st period - Off-side.
18:59 of 1st period - Tyler Seguin wins face-off versus Jayson Megna in neutral zone.
Goals for this period are 0 for Kings vs 0 for Sharks.
Shots for this period are 6 for Kings vs 2 for Sharks.

2nd period


0:01 of 2nd period - Tyler Seguin wins face-off versus Tomas Fleischmann in neutral zone.
0:04 of 2nd period - Wrist shot by Carl Soderberg.
0:04 of 2nd period - Shot Misses the Net.
0:21 of 2nd period - Penalty to Bobby Farnham is over, Bobby Farnham is back on ice.
0:34 of 2nd period - Snap shot by Carl Soderberg.
0:34 of 2nd period - Shot Blocked by Nicklas Grossmann.
1:13 of 2nd period - Justin Schultz is hit by Eric Brewer and loses puck.
2:28 of 2nd period - Jayson Megna is hit by Brandon McMillan and loses puck.
2:57 of 2nd period - Slapshot by Travis Zajac.
2:57 of 2nd period - Stopped by Sergei Bobrovsky with a rebound.
4:32 of 2nd period - Minor Penalty to Bobby Farnham for Slashing.
4:33 of 2nd period - Tomas Fleischmann wins face-off versus Tyler Seguin in Sharks zone.
4:33 of 2nd period - Tomas Fleischmann is hit by Tyler Seguin.
4:45 of 2nd period - Ian Cole is hit by Adam McQuaid and loses puck.
5:16 of 2nd period - Minor Penalty to Milan Lucic for Hooking.
5:17 of 2nd period - Tyler Seguin wins face-off versus Tomas Fleischmann in Kings zone.
5:24 of 2nd period - Wrist shot by Mika Zibanejad.
5:24 of 2nd period - Shot Misses the Net.
5:26 of 2nd period - Wrist shot by Mika Zibanejad.
5:26 of 2nd period - Stopped by Roberto Luongo with a rebound.
5:28 of 2nd period - Slapshot by Duncan Keith.
5:28 of 2nd period - Stopped by Roberto Luongo with a rebound.
5:30 of 2nd period - Slapshot by Stefan Elliott.
5:30 of 2nd period - Deflect By Jay Harrison.
5:30 of 2nd period - Stopped by Roberto Luongo without a rebound.
5:31 of 2nd period - Tyler Seguin wins face-off versus Tomas Fleischmann in Sharks zone.
5:36 of 2nd period - Wrist shot by Mika Zibanejad.
5:36 of 2nd period - Stopped by Roberto Luongo with a rebound.
5:38 of 2nd period - Slapshot by Stefan Elliott.
5:38 of 2nd period - Deflect By Tomas Fleischmann.
5:38 of 2nd period - Stopped by Roberto Luongo with a rebound.
6:00 of 2nd period - Justin Schultz is hit by Mika Zibanejad and loses puck.
6:07 of 2nd period - Snap shot by Mika Zibanejad.
6:07 of 2nd period - Shot Misses the Net.
6:29 of 2nd period - Slapshot by Tyler Seguin.
6:29 of 2nd period - Shot Misses the Net.
6:31 of 2nd period - Backhand shot by Tyler Seguin.
6:31 of 2nd period - Deflect By Mika Zibanejad.
6:31 of 2nd period - Shot Blocked by Jay Harrison.
6:31 of 2nd period - Puck is out of play.
6:32 of 2nd period - Penalty to Bobby Farnham is over, Bobby Farnham is back on ice.
6:32 of 2nd period - Tyler Seguin wins face-off versus Nicolas Deslauriers in Sharks zone.
6:52 of 2nd period - Minor Penalty to Brendan Smith for Hooking.
6:53 of 2nd period - Tomas Fleischmann wins face-off versus Tyler Seguin in Sharks zone.
7:06 of 2nd period - Tyler Seguin is hit by Tomas Fleischmann and loses puck.
7:15 of 2nd period - Christian Folin is hit by Mika Zibanejad and loses puck.
7:16 of 2nd period - Penalty to Milan Lucic is over, Milan Lucic is back on ice.
7:31 of 2nd period - Christian Folin is hit by Brenden Morrow and loses puck.
8:52 of 2nd period - Penalty to Brendan Smith is over, Brendan Smith is back on ice.
9:22 of 2nd period - David Clarkson is hit by Jayson Megna and loses puck.
9:39 of 2nd period - Wrist shot by Lance Bouma.
9:39 of 2nd period - Shot Misses the Net.
10:08 of 2nd period - Snap shot by Brandon McMillan.
10:08 of 2nd period - Shot Misses the Net.
10:10 of 2nd period - Slapshot by Martin Erat.
10:10 of 2nd period - Stopped by Roberto Luongo without a rebound.
10:11 of 2nd period - Brandon McMillan wins face-off versus Andy Andreoff in Sharks zone.
10:31 of 2nd period - Wrist shot by Andy Andreoff.
10:31 of 2nd period - Stopped by Sergei Bobrovsky without a rebound.
10:32 of 2nd period - Jayson Megna wins face-off versus Brandon McMillan in Kings zone.
10:33 of 2nd period - Slapshot by Ian Cole.
10:33 of 2nd period - Shot Misses the Net.
11:09 of 2nd period - Slapshot by Justin Schultz.
11:09 of 2nd period - Shot Blocked by Stefan Elliott.
11:20 of 2nd period - Minor Penalty to David Clarkson for Tripping.
11:21 of 2nd period - Travis Zajac wins face-off versus Tyler Seguin in Kings zone.
12:16 of 2nd period - Justin Schultz is hit by Tyler Seguin and loses puck.
12:25 of 2nd period - Wrist shot by Richard Panik.
12:25 of 2nd period - Stopped by Sergei Bobrovsky with a rebound.
13:16 of 2nd period - Lance Bouma is hit by Tyler Seguin and loses puck.
13:20 of 2nd period - Penalty to David Clarkson is over, David Clarkson is back on ice.
13:46 of 2nd period - Snap shot by Jayson Megna.
13:46 of 2nd period - Shot Misses the Net.
14:39 of 2nd period - Slapshot by Justin Schultz.
14:39 of 2nd period - Shot Blocked by Duncan Keith.
14:45 of 2nd period - Snap shot by Justin Schultz.
14:45 of 2nd period - Deflect By Nick Bjugstad.
14:45 of 2nd period - Stopped by Sergei Bobrovsky with a rebound.
15:27 of 2nd period - Wrist shot by Travis Zajac.
15:27 of 2nd period - Deflect By Ryan Hamilton.
15:27 of 2nd period - Stopped by Sergei Bobrovsky with a rebound.
15:53 of 2nd period - Joey Leach is hit by Tomas Fleischmann and loses puck.
16:05 of 2nd period - Slapshot by Cam Fowler.
16:05 of 2nd period - Shot Misses the Net.
16:07 of 2nd period - Snap shot by Evgeny Kuznetsov.
16:07 of 2nd period - Shot Blocked by Brendan Smith.
16:09 of 2nd period - Slapshot by Evgeny Kuznetsov.
16:09 of 2nd period - Shot Misses the Net.
16:11 of 2nd period - Slapshot by Evgeny Kuznetsov.
16:11 of 2nd period - Stopped by Roberto Luongo with a rebound.
16:13 of 2nd period - Backhand shot by Cam Fowler.
16:13 of 2nd period - Deflect By Travis Zajac.
16:13 of 2nd period - Stopped by Roberto Luongo with a rebound.
16:37 of 2nd period - Richard Panik is hit by Mika Zibanejad and loses puck.
16:38 of 2nd period - Richard Panik from Sharks is injured at 16:38 of 2nd period (Sprained Left Knee).
16:39 of 2nd period - Tyler Seguin wins face-off versus Travis Zajac in Sharks zone.
17:15 of 2nd period - Wrist shot by Tomas Fleischmann.
17:15 of 2nd period - Shot Misses the Net.
17:25 of 2nd period - Wrist shot by Justin Schultz.
17:25 of 2nd period - Stopped by Sergei Bobrovsky with a rebound.
17:27 of 2nd period - Slapshot by Nicklas Grossmann.
17:27 of 2nd period - Shot Misses the Net.
18:15 of 2nd period - Snap shot by Vincent Trocheck.
18:15 of 2nd period - Stopped by Roberto Luongo without a rebound.
18:16 of 2nd period - Andy Andreoff wins face-off versus Jori Lehtera in Sharks zone.
18:52 of 2nd period - Snap shot by Evgeny Kuznetsov.
18:52 of 2nd period - Stopped by Roberto Luongo without a rebound.
18:53 of 2nd period - Jayson Megna wins face-off versus Brandon McMillan in Sharks zone.
18:57 of 2nd period - Minor Penalty to Jay Harrison for Hooking.
18:58 of 2nd period - Tyler Seguin wins face-off versus Tomas Fleischmann in Sharks zone.
19:05 of 2nd period - Snap shot by Tyler Seguin.
19:05 of 2nd period - Deflect By Mika Zibanejad.
19:05 of 2nd period - Shot Misses the Net.
19:05 of 2nd period - Puck is out of play.
19:06 of 2nd period - Tomas Fleischmann wins face-off versus Tyler Seguin in Sharks zone.
19:42 of 2nd period - Olli Jokinen is hit by Eric Brewer and loses puck.
Goals for this period are 0 for Kings vs 0 for Sharks.
Shots for this period are 10 for Kings vs 6 for Sharks.

3rd period


0:01 of 3rd period - Olli Jokinen wins face-off versus Tyler Seguin in neutral zone.
0:36 of 3rd period - Wrist shot by Tyler Seguin.
0:36 of 3rd period - Shot Misses the Net.
0:57 of 3rd period - Penalty to Jay Harrison is over, Jay Harrison is back on ice.
1:02 of 3rd period - Lance Bouma is hit by Eric Brewer and loses puck.
1:19 of 3rd period - Snap shot by Travis Zajac.
1:19 of 3rd period - Shot Hit the Post.
1:21 of 3rd period - Slapshot by Justin Schultz.
1:21 of 3rd period - Goal by Justin Schultz - Kings : 0 - Sharks : 1.
1:22 of 3rd period - Jayson Megna wins face-off versus Evgeny Kuznetsov in neutral zone.
1:56 of 3rd period - Snap shot by Jori Lehtera.
1:56 of 3rd period - Shot Misses the Net.
1:58 of 3rd period - Minor Penalty to Brendan Smith for Hooking.
1:59 of 3rd period - Tyler Seguin wins face-off versus Tomas Fleischmann in Sharks zone.
2:02 of 3rd period - Wrist shot by Carl Soderberg.
2:02 of 3rd period - Shot Misses the Net.
2:04 of 3rd period - Slapshot by Eric Brewer.
2:04 of 3rd period - Shot Blocked by Ian Cole.
2:06 of 3rd period - Slapshot by Duncan Keith.
2:06 of 3rd period - Goal by Duncan Keith - Kings : 1 - Sharks : 1.
2:07 of 3rd period - Tyler Seguin wins face-off versus Travis Zajac in neutral zone.
2:36 of 3rd period - Snap shot by Travis Zajac.
2:36 of 3rd period - Deflect By Tomas Fleischmann.
2:36 of 3rd period - Shot Blocked by Carl Soderberg.
2:36 of 3rd period - Puck is out of play.
2:37 of 3rd period - Vincent Trocheck wins face-off versus Marek Hrivik in Kings zone.
3:08 of 3rd period - Slapshot by Lance Bouma.
3:08 of 3rd period - Stopped by Sergei Bobrovsky without a rebound.
3:09 of 3rd period - Olli Jokinen wins face-off versus Tyler Seguin in Kings zone.
3:15 of 3rd period - Minor Penalty to Duncan Keith for Holding Stick.
3:16 of 3rd period - Travis Zajac wins face-off versus Mika Zibanejad in Kings zone.
3:16 of 3rd period - Wrist shot by Tomas Fleischmann.
3:16 of 3rd period - Shot Misses the Net.
3:18 of 3rd period - Slapshot by Travis Zajac.
3:18 of 3rd period - Shot Misses the Net.
3:22 of 3rd period - Wrist shot by Travis Zajac.
3:22 of 3rd period - Stopped by Sergei Bobrovsky with a rebound.
3:30 of 3rd period - Snap shot by Tomas Fleischmann.
3:30 of 3rd period - Shot Blocked by Adam McQuaid.
3:32 of 3rd period - Slapshot by Travis Zajac.
3:32 of 3rd period - Stopped by Sergei Bobrovsky without a rebound.
3:33 of 3rd period - Travis Zajac wins face-off versus Tyler Seguin in Kings zone.
4:27 of 3rd period - Adam McQuaid is hit by Marek Hrivik and loses puck.
4:36 of 3rd period - Snap shot by Justin Schultz.
4:36 of 3rd period - Goal by Justin Schultz - Kings : 1 - Sharks : 2.
4:37 of 3rd period - Vincent Trocheck wins face-off versus Jayson Megna in neutral zone.
4:39 of 3rd period - Off-side.
4:40 of 3rd period - Jayson Megna wins face-off versus Vincent Trocheck in neutral zone.
4:45 of 3rd period - Snap shot by Justin Schultz.
4:45 of 3rd period - Shot Misses the Net.
4:50 of 3rd period - Off-side.
4:51 of 3rd period - Vincent Trocheck wins face-off versus Jayson Megna in neutral zone.
5:02 of 3rd period - Slapshot by Justin Schultz.
5:02 of 3rd period - Shot Misses the Net.
5:42 of 3rd period - Tomas Fleischmann is hit by David Clarkson and loses puck.
6:23 of 3rd period - Snap shot by Tyler Seguin.
6:23 of 3rd period - Shot Misses the Net.
6:25 of 3rd period - Backhand shot by Joey Leach.
6:25 of 3rd period - Deflect By Mika Zibanejad.
6:25 of 3rd period - Shot Blocked by Jay Harrison.
6:25 of 3rd period - Puck is out of play.
6:26 of 3rd period - Tyler Seguin wins face-off versus Marek Hrivik in Sharks zone.
6:36 of 3rd period - Minor Penalty to Adam McQuaid for Holding.
6:37 of 3rd period - Nicolas Deslauriers wins face-off versus Tyler Seguin in Kings zone.
6:44 of 3rd period - Snap shot by Lance Bouma.
6:44 of 3rd period - Stopped by Sergei Bobrovsky with a rebound.
6:46 of 3rd period - Slapshot by Nicklas Grossmann.
6:46 of 3rd period - Shot Misses the Net.
6:48 of 3rd period - Slapshot by Nicklas Grossmann.
6:48 of 3rd period - Shot Blocked by Duncan Keith.
6:50 of 3rd period - Slapshot by Brendan Smith.
6:50 of 3rd period - Stopped by Sergei Bobrovsky with a rebound.
7:00 of 3rd period - Wrist shot by Nicolas Deslauriers.
7:00 of 3rd period - Deflect By Lance Bouma.
7:00 of 3rd period - Stopped by Sergei Bobrovsky with a rebound.
7:54 of 3rd period - Lance Bouma is hit by Milan Lucic and loses puck.
8:01 of 3rd period - Lance Bouma is hit by Carl Soderberg and loses puck.
8:08 of 3rd period - Lance Bouma is hit by Milan Lucic and loses puck.
8:36 of 3rd period - Penalty to Adam McQuaid is over, Adam McQuaid is back on ice.
8:53 of 3rd period - Justin Schultz is hit by Tyler Seguin and loses puck.
9:04 of 3rd period - Jori Lehtera is hit by Travis Zajac and loses puck.
9:17 of 3rd period - Slapshot by Evgeny Kuznetsov.
9:17 of 3rd period - Stopped by Roberto Luongo without a rebound.
9:18 of 3rd period - Jori Lehtera wins face-off versus Jayson Megna in Sharks zone.
9:21 of 3rd period - Wrist shot by Evgeny Kuznetsov.
9:21 of 3rd period - Deflect By Jori Lehtera.
9:21 of 3rd period - Stopped by Roberto Luongo with a rebound.
9:23 of 3rd period - Slapshot by Adam McQuaid.
9:23 of 3rd period - Shot Blocked by Nicolas Deslauriers.
9:25 of 3rd period - Slapshot by Eric Brewer.
9:25 of 3rd period - Stopped by Roberto Luongo without a rebound.
9:26 of 3rd period - Jayson Megna wins face-off versus Brenden Morrow in Sharks zone.
9:33 of 3rd period - Slapshot by Ian Cole.
9:33 of 3rd period - Shot Misses the Net.
9:56 of 3rd period - Snap shot by Milan Lucic.
9:56 of 3rd period - Shot Misses the Net.
10:21 of 3rd period - Slapshot by Lance Bouma.
10:21 of 3rd period - Shot Blocked by Brenden Morrow.
11:01 of 3rd period - Slapshot by Evgeny Kuznetsov.
11:01 of 3rd period - Deflect By Tomas Fleischmann.
11:01 of 3rd period - Stopped by Roberto Luongo without a rebound.
11:02 of 3rd period - Brandon McMillan wins face-off versus Marek Hrivik in Sharks zone.
11:03 of 3rd period - Slapshot by Martin Erat.
11:03 of 3rd period - Stopped by Roberto Luongo with a rebound.
11:05 of 3rd period - Slapshot by Adam McQuaid.
11:05 of 3rd period - Deflect By Nick Bjugstad.
11:05 of 3rd period - Stopped by Roberto Luongo with a rebound.
11:07 of 3rd period - Slapshot by Adam McQuaid.
11:07 of 3rd period - Stopped by Roberto Luongo with a rebound.
11:09 of 3rd period - Slapshot by Nick Bjugstad.
11:09 of 3rd period - Shot Blocked by Justin Schultz.
11:11 of 3rd period - Slapshot by Eric Brewer.
11:11 of 3rd period - Shot Blocked by Nicolas Deslauriers.
11:13 of 3rd period - Backhand shot by Nick Bjugstad.
11:13 of 3rd period - Stopped by Roberto Luongo with a rebound.
11:27 of 3rd period - Eric Brewer is hit by Justin Schultz and loses puck.
12:54 of 3rd period - Snap shot by Tomas Fleischmann.
12:54 of 3rd period - Stopped by Sergei Bobrovsky without a rebound.
12:55 of 3rd period - Andy Andreoff wins face-off versus Tyler Seguin in Kings zone.
13:10 of 3rd period - Wrist shot by Tyler Seguin.
13:10 of 3rd period - Shot Misses the Net.
13:12 of 3rd period - Slapshot by Duncan Keith.
13:12 of 3rd period - Shot Misses the Net.
13:14 of 3rd period - Slapshot by Duncan Keith.
13:14 of 3rd period - Shot Blocked by Ian Cole.
13:16 of 3rd period - Slapshot by Duncan Keith.
13:16 of 3rd period - Deflect By Tyler Seguin.
13:16 of 3rd period - Stopped by Roberto Luongo with a rebound.
13:18 of 3rd period - Slapshot by Stefan Elliott.
13:18 of 3rd period - Deflect By Tomas Fleischmann.
13:18 of 3rd period - Stopped by Roberto Luongo without a rebound.
13:19 of 3rd period - Vincent Trocheck wins face-off versus Jayson Megna in Sharks zone.
13:22 of 3rd period - Wrist shot by Vincent Trocheck.
13:22 of 3rd period - Deflect By Milan Lucic.
13:22 of 3rd period - Shot Misses the Net.
13:22 of 3rd period - Puck is out of play.
13:23 of 3rd period - Vincent Trocheck wins face-off versus Jayson Megna in Sharks zone.
13:31 of 3rd period - Minor Penalty to Bobby Farnham for Hooking.
13:32 of 3rd period - Tyler Seguin wins face-off versus Tomas Fleischmann in Sharks zone.
13:34 of 3rd period - Snap shot by Tyler Seguin.
13:34 of 3rd period - Shot Blocked by Nicklas Grossmann.
14:32 of 3rd period - Slapshot by Justin Schultz.
14:32 of 3rd period - Stopped by Sergei Bobrovsky without a rebound.
14:33 of 3rd period - Vincent Trocheck wins face-off versus Tomas Fleischmann in Kings zone.
14:42 of 3rd period - Justin Schultz is hit by Brenden Morrow and loses puck.
14:57 of 3rd period - Jay Harrison is hit by Brenden Morrow and loses puck.
15:14 of 3rd period - Slapshot by Tyler Seguin.
15:14 of 3rd period - Shot Misses the Net.
15:24 of 3rd period - Justin Schultz is hit by Cam Fowler and loses puck.
15:31 of 3rd period - Penalty to Bobby Farnham is over, Bobby Farnham is back on ice.
15:35 of 3rd period - Justin Schultz is hit by Milan Lucic and loses puck.
15:40 of 3rd period - Wrist shot by Vincent Trocheck.
15:40 of 3rd period - Stopped by Roberto Luongo with a rebound.
15:42 of 3rd period - Slapshot by Vincent Trocheck.
15:42 of 3rd period - Stopped by Roberto Luongo without a rebound.
15:43 of 3rd period - Vincent Trocheck wins face-off versus Jayson Megna in Sharks zone.
16:00 of 3rd period - Slapshot by Nicolas Deslauriers.
16:00 of 3rd period - Shot Misses the Net.
16:02 of 3rd period - Slapshot by Nicklas Grossmann.
16:02 of 3rd period - Stopped by Sergei Bobrovsky with a rebound.
16:04 of 3rd period - Snap shot by Jayson Megna.
16:04 of 3rd period - Stopped by Sergei Bobrovsky with a rebound.
16:06 of 3rd period - Slapshot by Brendan Smith.
16:06 of 3rd period - Stopped by Sergei Bobrovsky with a rebound.
16:08 of 3rd period - Wrist shot by Nicolas Deslauriers.
16:08 of 3rd period - Goal by Nicolas Deslauriers - Kings : 1 - Sharks : 3.
16:09 of 3rd period - Tyler Seguin wins face-off versus Marek Hrivik in neutral zone.
16:40 of 3rd period - Snap shot by Mika Zibanejad.
16:40 of 3rd period - Deflect By Carl Soderberg.
16:40 of 3rd period - Shot Misses the Net.
16:40 of 3rd period - Puck is out of play.
16:41 of 3rd period - Andy Andreoff wins face-off versus Vincent Trocheck in Sharks zone.
16:56 of 3rd period - Snap shot by Travis Zajac.
16:56 of 3rd period - Stopped by Sergei Bobrovsky with a rebound.
17:34 of 3rd period - Jori Lehtera is hit by Nicolas Deslauriers and loses puck.
17:46 of 3rd period - Brendan Smith is hit by Evgeny Kuznetsov and loses puck.
18:40 of 3rd period - Wrist shot by Tomas Fleischmann.
18:40 of 3rd period - Shot Blocked by Joey Leach.
18:42 of 3rd period - Snap shot by Olli Jokinen.
18:42 of 3rd period - Stopped by Sergei Bobrovsky without a rebound.
18:43 of 3rd period - Tyler Seguin wins face-off versus Tomas Fleischmann in Kings zone.
18:55 of 3rd period - Minor Penalty to Olli Jokinen for Hooking.
18:56 of 3rd period - Tyler Seguin wins face-off versus Tomas Fleischmann in Sharks zone.
19:14 of 3rd period - Slapshot by Ian Cole.
19:14 of 3rd period - Stopped by Sergei Bobrovsky with a rebound.
19:50 of 3rd period - Tomas Fleischmann is hit by Duncan Keith and loses puck.
Goals for this period are 1 for Kings vs 3 for Sharks.
Shots for this period are 13 for Kings vs 17 for Sharks.